 Dungeon Sprint DCSS version 0.23-a0-447-g7b583b2f2c (webtiles) character file.

963 Jannitor the Basher (level 7, -2/66 HPs)
             Began as a Demonspawn Monk on Nov 19, 2018.
             Was an Elder of Trog.
             Splashed by a jelly's acid (10 damage)
             ... in the Dungeon (Sprint III: "The Ten Rune Challenge").
             The game lasted 00:02:19 (1543 turns).

Jannitor the Basher (Demonspawn Monk)               Turns: 1543, Time: 00:02:20

Health: -2/66      AC:  0    Str: 12    XL:     7   Next: 92%
Magic:  7/7        EV: 10    Int: 11    God:    Trog [****..]
Gold:   48         SH:  0    Dex: 15    Spells: 6/6 levels left

rFire    . . .     SeeInvis .   a - +0 mace
rCold    . . .     Gourm    .   (no shield)
rNeg     . . .     Faith    .   j - +0 scale mail
rPois    .         Spirit   .   (helmet restricted)
rElec    .         Reflect  .   (no cloak)
rCorr    .         Harm     .   (no gloves)
MR       .....     NoTele   +   (no boots)
Stlth    ++........             (no amulet)
HPRegen  0.21/turn              (no ring)
MPRegen  0.10/turn              (no ring)

@: corroded
A: horns 1, talons 2, demonic guardian 1, nightstalker 1, weak 1, wild magic 1
a: Berserk, Trog's Hand, Brothers in Arms, Renounce Religion


You were in the Dungeon.
You worshipped Trog.
Trog was greatly pleased with you.
You were not hungry.

You visited 1 branch You collected 48 gold pieces.

Inventory:

Hand Weapons
 a - a +0 mace (weapon)
Armour
 b - a +0 robe
 j - a +0 scale mail (worn)
Wands
 i - a wand of paralysis (12)
Scrolls
 h - a scroll of torment {unknown}
 l - 2 scrolls of identify {unknown}
 o - a scroll of holy word {unknown}
 p - a scroll of immolation {unknown}
 q - a scroll of remove curse {unknown}
Potions
 d - 2 potions of curing
 e - 3 potions of mutation
 f - a potion of haste
 g - 2 potions of magic
 m - a potion of heal wounds
 n - 2 potions of flight {unknown}
Comestibles
 c - 2 rations
 k - a chunk of flesh


   Skills:
 + Level 10.0 Fighting
 * Level 12.3 Maces & Flails
 + Level 5.0 Armour
 - Level 2.6 Dodging
 - Level 1.7 Stealth


You had 6 spell levels left.
You didn't know any spells.
Your spell library was empty.

Dungeon Overview and Level Annotations

Branches:
Dungeon (1/1)

Altars:
Dithmenos
Elyvilon
Kikubaaqudgha
Okawaru
Ru
Sif Muna
Trog
Uskayaw
Vehumet
Wu Jian
Yredelemnul
Zin
The Shining One
Beogh


Innate Abilities, Weirdness & Mutations

You have a pair of small horns on your head.
A weak demonic guardian rushes to your aid.
You are slightly more attuned to the shadows.
You have razor-sharp toenails.
You are weak. (Str -2)
Your spells are a little harder to cast, but a little more powerful.


Message History

You hit the jelly but do no damage.
Your hands burn!
You claw the jelly, but do no damage.
You headbutt the jelly, but do no damage.
The jelly is heavily wounded.
The jelly barely misses you.
You hit the jelly but do no damage. The acid corrodes you!
Your hands burn!
You claw the jelly.
The jelly is severely wounded.
You hit the jelly but do no damage.
Your hands burn!
The jelly is severely wounded.
The jelly hits you.
You are splashed with acid!
The acid burns!
* * * LOW HITPOINT WARNING * * *
You hit the jelly but do no damage. The acid corrodes you!
Your hands burn!
* * * LOW HITPOINT WARNING * * *
You claw the jelly.
The jelly is almost dead.
The jelly hits you.
* * * LOW HITPOINT WARNING * * *
You are splashed with acid!
The acid burns!
You die...

.♣ ♣♣.#)..#__.#)_#
♣♣♣♣..###'#'###†##
♣♣♣.♣.#..........#
≈.♣.♣.'.⌠........#
≈≈≈.♣.#...######'#
≈≈....#.⌠.# #...#
≈.....#...# #...#
......#'### #...#
......#)).# #..@+
......#___# +..J#
▓▓▓▓▓▓▓▓▓▓▓ ▓▓▓▓▓


You could see a jelly.

Vanquished Creatures
  A deep elf mage (D)
  A shadow (D)
  A necrophage (D)
  A wizard (D)
  Jessica (D)
  A necromancer (D)
  3 humans (D)
  A kobold demonologist (D)
  A wolf (D)
  2 oozes (D)
  A rat (D)
14 creatures vanquished.

Vanquished Creatures (collateral kills)
  A water elemental (D)
1 creature vanquished.

Vanquished Creatures (others)
  2 draconian scorchers (D)
  6 hellions (D)
  A yaktaur (D)
9 creatures vanquished.

Grand Total: 24 creatures vanquished

Notes
Turn   | Place    | Note
-------+----------+-------------------------------------------
     0 | D        | Jannitor the Demonspawn Monk began the quest for the Orb.
     0 | D        | Reached XP level 1. HP: 18/18 MP: 1/1
     7 | D        | Reached skill level 3 in Maces & Flails
    12 | D        | Reached skill level 4 in Maces & Flails
    12 | D        | Gained mutation: A weak demonic guardian rushes to your
                  | aid. [demonic ancestry]
    12 | D        | Reached XP level 2. HP: 8/25 MP: 2/2
   105 | D        | Killed a hellion
   106 | D        | Killed a hellion
   106 | D        | Killed a hellion
   107 | D        | Killed a hellion
   145 | D        | Killed a hellion
   151 | D        | Killed a yaktaur
   152 | D        | Killed a white draconian scorcher
   194 | D        | Killed a hellion
   276 | D        | Killed a white draconian scorcher
   324 | D        | Noticed Jessica
   329 | D        | Killed Jessica
   329 | D        | Reached skill level 5 in Maces & Flails
   329 | D        | Reached XP level 3. HP: 29/31 MP: 3/3
   363 | D        | Reached skill level 5 in Fighting
   386 | D        | Gained mutation: Your spells are a little harder to cast,
                  | but a little more powerful. [potion of mutation]
   386 | D        | Gained mutation: You are weak. (Str -2) [potion of
                  | mutation]
   386 | D        | Gained mutation: You have sharp toenails. [potion of
                  | mutation]
   386 | D        | Gained mutation: You have razor-sharp toenails. [potion of
                  | mutation]
   403 | D        | Reached skill level 6 in Maces & Flails
   403 | D        | Reached XP level 4. HP: 12/39 MP: 4/4
   634 | D        | Noticed a water elemental
   647 | D        | Killed a water elemental
   647 | D        | Reached skill level 7 in Maces & Flails
   890 | D        | Found a glowing silver altar of Zin.
   895 | D        | Found a hide-covered altar of Uskayaw.
   895 | D        | Found a roughly hewn altar of Beogh.
   895 | D        | Found an iron altar of Okawaru.
   895 | D        | Found a bloodstained altar of Trog.
   895 | D        | Found an ornate altar of the Wu Jian Council.
   895 | D        | Noticed a human
   896 | D        | Noticed a human
   902 | D        | Became a worshipper of Trog the Wrathful
   902 | D        | Reached * piety under Trog
   902 | D        | Reached ** piety under Trog
   910 | D        | Killed a human
   910 | D        | Reached skill level 9 in Maces & Flails
   910 | D        | Gained mutation: You are slightly more attuned to the
                  | shadows. [demonic ancestry]
   910 | D        | Reached XP level 5. HP: 17/49 MP: 5/5
   916 | D        | Killed a human
   916 | D        | Reached skill level 10 in Maces & Flails
   916 | D        | Reached XP level 6. HP: 24/56 MP: 6/6
  1120 | D        | Found a radiant altar of Vehumet.
  1120 | D        | Found a deep blue altar of Sif Muna.
  1120 | D        | Found an ancient bone altar of Kikubaaqudgha.
  1124 | D        | Reached skill level 1 in Armour
  1126 | D        | Reached *** piety under Trog
  1168 | D        | Found a glowing golden altar of the Shining One.
  1168 | D        | Found a white marble altar of Elyvilon.
  1168 | D        | Noticed a deep elf mage
  1174 | D        | Killed a deep elf mage
  1174 | D        | Reached skill level 11 in Maces & Flails
  1174 | D        | Gained mutation: You have a pair of small horns on your
                  | head. [demonic ancestry]
  1174 | D        | Reached XP level 7. HP: 41/64 MP: 7/7
  1356 | D        | Found a basalt altar of Yredelemnul.
  1356 | D        | Found a shadowy altar of Dithmenos.
  1356 | D        | Found a sacrificial altar of Ru.
  1361 | D        | Reached **** piety under Trog
  1361 | D        | Reached skill level 12 in Maces & Flails
  1393 | D        | Noticed a shadow
  1407 | D        | Killed a shadow
  1407 | D        | Reached skill level 10 in Fighting
  1407 | D        | Reached skill level 5 in Armour
  1543 | D        | Splashed by a jelly's acid

Vault maps used:
D:        dungeon_sprint_mu

Skill      XL: |  1  2  3  4  5  6  7 |
---------------+----------------------+-----
Maces & Flails | 4 5 6 9 10 11 12 | 12.3
Fighting       | 4 5 7 8 9 10 | 10.0
Armour         | 4 5 |  5.0
Dodging        | |  2.6
Stealth        | |  1.7

Action                   |  1- 3 |  4- 6 |  7- 9 || total
-------------------------+-------+-------+-------++-------
Melee: Mace              |    37 |    18 |    25 ||    80
       Kick              |     5 |     7 |    10 ||    22
       Headbutt          |       |       |     4 ||     4
Invok: Berserk           |       |     3 |     1 ||     4
       Trog's Hand       |       |     1 |       ||     1
  Use: Potion            |     3 |       |       ||     3
       Scroll            |       |     1 |       ||     1
  Eat: Ration            |       |     1 |       ||     1
       Chunk             |       |       |     3 ||     3
Armor: Robe              |     3 |       |       ||     3
       Scale mail        |     9 |     5 |     4 ||    18
Dodge: Dodged            |    21 |     8 |     4 ||    33

Table legend:
 A = Non-vault XP
 B = Vault XP
 C = Vault XP percentage of total XP
 D = Non-vault monster count
 E = Vault monster count
 F = Vault count percentage of total count
                 A         B        C        D         E       F
            +---------+---------+-------+---------+---------+-------
      Total |       0 |    1376 | 100.0 |       0 |      15 | 100.0
            +---------+---------+-------+---------+---------+-------
          D |       0 |    1376 | 100.0 |       0 |      15 | 100.0
            +---------+---------+-------+---------+---------+-------
